Map: Lightshade LE

Players

Eleven - Winner!

  • Race: Zerg Zerg
  • League: Diamond
  • Spawn Location: 5:00

Bluey

  • Race: Protoss Protoss
  • League: Diamond
  • Spawn Location: 11:00

VOD

Have the link to the VOD?

Description

I got really tired of trying to make ravagers work vs cannons. So I came up with this option. For the most part it will hit them so fast they cant really do anything about it, of course if they stop the nydus then its not going to work. But the idea is to delay ling speed and delay queen, start a lair asap with the gas, take the other gas. get ling speed and build lings. Setup overlords, @ lair nydu, queen, and your nydus should pop right as ling speed finishes. The whole build relies on the speed at which you get the nydus in their main. The more you do to delay that the less of a chance it has to work.

Time

  • Played on: Feb. 3, 2021, 5:57 p.m.
  • Length: 5:05
Show
View Real Time Build Order
Export as new Build Order

Eleven Zerg - Winner!

Build Orders: Hatch First 

Get SALT Encoding   

  12  0:01  Drone  
  13  0:12  Overlord  
  13  0:16  Drone  
  14  0:31  Drone x2  
  16  0:49  Hatchery  
  15  0:52  Drone  
  15  0:56  Drone  
  17  1:01  Drone  
  18  1:11  Extractor  
  17  1:19  Spawning Pool  
  17  1:20  Drone  
  17  1:23  Drone  
  18  1:29  Drone  
  19  1:42  Drone  
  20  1:52  Overlord  
  20  2:15  Drone x3  
  22  2:18  Extractor, Lair  
  22  2:25  Zergling x6  
  22  2:27  Spine Crawler  
  24  2:35  Zergling x4  
  26  2:44  Zergling x2  
  26  2:47  Zergling x2  
  26  2:50  Metabolic Boost  
  28  2:56  Zergling x2  
  29  3:08  Zergling x2  
  30  3:20  Overlord  
  30  3:21  Nydus Network  
  29  3:28  Zergling x2  
  30  3:37  Overlord  
  30  3:38  Queen  
  31  3:48  Spine Crawler  
  30  3:49  Spine Crawler, Spore Crawler  
  30  3:50  Zergling x2  
  29  3:58  Nydus Canal  
  29  4:01  Zergling x2  
  30  4:09  Zergling x2  
  26  4:25  Zergling x2  
  24  4:34  Zergling x2  
  24  4:44  Spine Crawler  
  21  4:46  Zergling x2  
Show
View Real Time Build Order
Export as new Build Order

Bluey Protoss 

Build Orders:  

Get SALT Encoding   

  12  0:00  Probe  
  13  0:12  Probe  
  14  0:20  Pylon  
  14  0:24  Probe  
  15  0:38  Probe (Chrono Boost)  
  16  0:44  Forge  
  16  0:48  Probe (Chrono Boost)  
  17  0:53  Probe (Chrono Boost)  
  17  1:24  Pylon  
  17  1:26  Probe  
  18  1:43  Photon Cannon  
  18  1:46  Photon Cannon  
  18  1:52  Gateway  
  18  1:53  Assimilator x2, Probe  
  19  1:54  Pylon  
  19  2:05  Probe, Gateway  
  20  2:17  Probe (Chrono Boost)  
  20  2:18  Photon Cannon  
  21  2:29  Probe (Chrono Boost)  
  22  2:33  Probe (Chrono Boost)  
  23  2:43  Cybernetics Core  
  23  2:44  Probe  
  24  3:00  Zealot  
  24  3:01  Zealot  
  28  3:25  Warp Gate, Pylon, Robotics Facility  
  28  3:32  Shield Battery  
  28  3:33  Stalker x2  
  32  3:48  Pylon  
  32  4:22  Stalker  
  32  4:23  Stalker  
  24  4:41  Probe (Chrono Boost)  
  18  4:50  Probe (Chrono Boost)  
Tags
 
Add a new tag
Caveats
  • Supply blocks, unpowered buildings, or Contaminate may cause inaccurate times.
  • Supply counts are checked every 10 seconds.